 Dungeon Crawl Stone Soup version 0.30-a0-219-gf2db51d15e (webtiles) character file.

Game seed: 3894381702716939948

6490 kae the Grappler (level 10, -7/100 HPs)
             Began as a White Draconian Transmuter on Oct 7, 2022.
             Was a Follower of Ru.
             Mangled by a komodo dragon (23 damage)
             ... on level 10 of the Dungeon.
             The game lasted 00:14:11 (10356 turns).

kae the Grappler (White Draconian Transmuter)      Turns: 10356, Time: 00:14:12

Health: -7/100     AC:  8    Str: 13    XL:     10   Next: 68%
Magic:  16/19      EV: 14    Int: 17    God:    Ru [*.....]
Gold:   1893       SH:  5    Dex: 12    Spells: 11/21 levels left

rFire   x . .      SeeInvis .      - Unarmed
rCold   + + +      Faith    .    (shield currently unavailable)
rNeg    . . .      Spirit   .    (body armour unavailable)
rPois   +          Reflect  +    (helmet currently unavailable)
rElec   .          Harm     .    (cloak currently unavailable)
rCorr   .          Rampage  .    (gloves currently unavailable)
Will    .....                    (boots currently unavailable)
Stlth   +.........               x - amulet of reflection
HPRegen 0.36/turn                E - +4 ring of evasion
MPRegen 0.16/turn                P - ring of poison resistance

@: ice-form, hasted and slowed
A: freezing attack, amphibious, boosted hp, (breathe frost), AC +7, large,
unfitting armour, (cold resistance 1), (cold-blooded), no earth magic, no hexes
magic, no necromancy magic
a: End Transformation, Renounce Religion


You were on level 10 of the Dungeon.
You worshipped Ru.
Ru was aware of your devotion.
You were a creature of crystalline ice.
You visited 2 branches of the dungeon, and saw 11 of its levels.
You also visited: Sewer.

You collected 1981 gold pieces.
You spent 88 gold pieces at shops.


Innate Abilities, Weirdness & Mutations

You are a creature of crystalline ice.
You have a powerful freezing melee attack.
You are amphibious.
Your maximum health is increased.
Your armour is entirely melded.
You are incapable of wielding weapons or throwing items.
((You can breathe waves of freezing cold which knock back foes.))
((Your icy white scales are hard. (AC +7)))
You cannot fit into any form of body armour.
((Your flesh is cold resistant. (rC+)))
((You are cold-blooded and may be slowed by cold attacks.))
You cannot study or cast Earth magic.
You cannot study or cast Hexes magic.
You cannot study or cast Necromancy magic.


   Skills:
 + Level 6.8 Fighting
 - Level 1.7 Dodging
 * Level 9.4 Unarmed Combat
 + Level 6.0 Spellcasting
 * Level 7.7 Transmutations
 + Level 7.8 Ice Magic
 - Level 3.1 Poison Magic


You had 11 spell levels left.
You knew the following spells:

 Your Spells              Type           Power      Damage    Failure   Level
a - Beastly Appendage     Tmut           62%        N/A       1%          1
b - Wereblood             Tmut           31%        N/A       1%          2
c - Spider Form           Tmut/Pois      23%        N/A       4%          3
d - Ice Form              Ice/Tmut       31%        N/A       5%          4

Your spell library contained the following spells:

 Spells                   Type           Power      Damage    Failure   Level
 Foxfire                  Conj/Fire      20%        2x1d5     13%         1
 Blink                    Tloc           10%        N/A       19%         2
 Momentum Strike          Conj/Tloc      10%        3d8       19%         2
 Lesser Beckoning         Tloc           10%        N/A       36%         3
 Fireball                 Conj/Fire      2%         3d4       98%         5
 Starburst                Conj/Fire      2%         6d3       100%        6
 Necrotise                Necr           Unusable   1d5       N/A         1
 Vampiric Draining        Necr           Unusable   2d6       N/A         3
 Agony                    Necr           Unusable   N/A       N/A         5

Inventory:

Hand Weapons
 d - a +0 dagger of freezing (melded)
   (You took it off a goblin on level 1 of the Dungeon)
 r - the +10 quarterstaff of the Gibberer {vorpal, Fly rPois Will- Stlth+}
   (You found it on level 9 of the Dungeon)

   It inflicts extra damage upon your enemies.
   rPois:     It protects you from poison.
   Fly:       It grants you flight.
   Will:      It decreases your willpower.
   Stlth:     It makes you more stealthy.
Missiles
 i - 69 stones
 k - 19 poisoned darts
 q - 5 curare-tipped darts {=f}
 B - 4 throwing nets {=f!f}
Armour
 j - a +0 pair of boots (melded)
   (You found it on level 1 of the Dungeon)
Jewellery
 x - an amulet of reflection (around neck)
   (You found it on level 6 of the Dungeon)
 E - a +4 ring of evasion (left front paw)
   (You found it on level 3 of the Dungeon)
 L - a ring of flight
   (You found it in a sewer)
 P - a ring of poison resistance (right front paw)
   (You found it on level 3 of the Dungeon)
 S - a +6 ring of strength
   (You found it on level 8 of the Dungeon)
Wands
 b - a wand of iceblast (10)
   (You found it on level 2 of the Dungeon)
 e - a wand of charming (2)
   (You found it on level 5 of the Dungeon)
Scrolls
 g - a scroll of poison {!r}
 l - 3 scrolls of fear
 m - 5 scrolls of teleportation {@r4}
 s - a scroll of acquirement
 u - 5 scrolls of fog
 v - a scroll of blinking {!r}
 w - 2 scrolls of identify {@r1}
Potions
 a - 2 potions of lignification {!q}
 c - 2 potions of brilliance
 f - 2 potions of flight
 h - 3 potions of degeneration {!q}
 n - 4 potions of curing {@q1}
 o - a potion of attraction {!q}
 p - 2 potions of mutation {!q}
 t - a potion of resistance

Dungeon Overview and Level Annotations

Branches:
Dungeon (10/15) Zot: 26835  Temple (1/1) D:5 Zot: 5926    Lair (0/5) D:9
  Sewer (visited)
    Orc: D:9-12

Altars:
Ashenzari
Cheibriados
Dithmenos
Hepliaklqana
Kikubaaqudgha
Makhleb
Nemelex Xobeh
Okawaru
Qazlal
Ru
Sif Muna
Trog
Uskayaw
Vehumet
Wu Jian
Xom
Yredelemnul
Zin
The Shining One

Shops:
D:10 *

Annotations:
D:2 1 runed translucent door, Crazy Yiuf
D:4 2 runed translucent doors, Lans's ghost, amateur GrEE
D:5 Dowan; Duvessa
D:7 3 runed translucent doors, WhatIsLove's ghost, novice DjCj
D:9 exclusion: ice statue

####....... #..........
#........... #...>.......
........... # ..........
################W........
..#.............Yl.......
..#......................
..#......................
..#......................
..#................../...
..#######............####
........#............#
........#............#
........#............#


You could see a komodo dragon and a wraith.


Message History

The yak closely misses you.
You completely miss the yak. You punch the yak! You freeze the yak.
You hit the yak. You freeze the yak. The yak barely misses you. 😎 MP[+1]
You hit the yak. You freeze the yak. The yak gores you. The yak misses you.
You punch the yak! You freeze the yak.
You kill the yak!
The yak closely misses you. 😕 HP[-1]
You take 1 damage, and now have 99/100 hp.
You punch the yak! You freeze the yak. You punch the yak! You freeze the yak.
The yak closely misses you. The yak misses you. 😎 HP[+1]
Your hp is fully restored (100).
You completely miss the yak. The yak closely misses you.
The yak barely misses you.
You pummel the yak!! You freeze the yak.
You kill the yak!
The yak barely misses you.
You pummel the yak!! You freeze the yak! The yak gores you!
The yak barely misses you.
You pummel the yak!! You freeze the yak.
You kill the yak!
Your Spellcasting skill increases to level 6! 😕 HP[-13] MP[+1]
You take 13 damage, and now have 87/100 hp.
You pummel the yak!! You freeze the yak! The yak gores you.
You punch the yak! You freeze the yak. The yak completely misses you. 😕 HP[-1]
You take 1 damage, and now have 86/100 hp.
You punch the yak! You freeze the yak.
You kill the yak!
No target in view!
No target in view!
No target in view!
No target in view!
No target in view!
You see here a yak corpse.
Do you really want to reject the sacrifices Ru is offering?
Ru will take longer to evaluate your readiness. 😕 HP[+1]
Your transformation is almost over.
You warm up again.
Your +0 dagger of freezing unmelds from your body.
Your +0 pair of boots unmelds from your body.
Your +0 dagger of freezing glows with a cold blue light!
You see here a yak corpse.
Key pressed, stopping explore.
Found a stone staircase leading down. 😎 HP[-3] MP[+3]
You now have 84 max hp (-16).
Your mp is fully restored (19).
A wraith and a komodo dragon come into view.
The komodo dragon hisses angrily.
There are monsters nearby!
There are monsters nearby!
The wraith misses you.
Casting: Ice Form (dangerous; 5% risk of failure)
Confirm with . or Enter, or press ? or * to list all spells.
You turn into a creature of crystalline ice.
Your +0 dagger of freezing melds into your body.
Your +0 pair of boots melds into your body.
Your +0 dagger of freezing stops glowing.
The wraith hits you!
The wraith barely misses you. 😕 HP[+8] MP[-4]
You now have 100 max hp (+16).
You regained 8 hp, and now have 92/100 hp.
You lost 4 mp, and now have 15/19 mp.
You barely miss the wraith. The wraith hits you! The wraith drains your vigour!
You feel yourself slow down.
You barely miss the wraith. The wraith hits you. 😕 HP[-14]
You take 14 damage, and now have 78/100 hp.
You punch the wraith! The komodo dragon misses you.
The wraith barely misses you.
You hit the wraith. You block the komodo dragon's attack.
The wraith closely misses you. 😕 HP[+1] MP[+1] Unknown command.
You barely miss the wraith. The komodo dragon bites you!!
The wraith hits you but does no damage. The wraith barely misses you.
The komodo dragon bites you!!
* * * LOW HITPOINT WARNING * * *
😱 HP[-55]
You take 55 damage, and now have 24/100 hp.
MASSIVE DAMAGE!! (PAUSE)
You hit the wraith. You freeze the wraith. The komodo dragon bites you!
* * * LOW HITPOINT WARNING * * *
The wraith barely misses you. 😱 HP[-8]
You take 8 damage, and now have 16/100 hp.
Unknown command.
Okay, then.
You feel yourself speed up. The komodo dragon closely misses you.
The wraith barely misses you.
The komodo dragon attacks as you move away!
The komodo dragon bites you!!
You die...

Skill      XL: |  1  2  3  4  5  6  7  8  9 10 |
---------------+-------------------------------+-----
Fighting       | 2 3 4 6 |  6.8
Poison Magic   | 1 2 3 |  3.1
Unarmed Combat | 4 5 6 7 8 9 |  9.4
Transmutations | 3 4 6 7 |  7.7
Spellcasting   | 3 4 5 6 |  6.0
Ice Magic      | 3 5 6 7 |  7.8
Dodging        | |  1.7

Action                   |  1- 3 |  4- 6 |  7- 9 | 10-12 || total
-------------------------+-------+-------+-------+-------++-------
Melee: Dagger            |   148 |   123 |    21 |       ||   292
       Unarmed           |     8 |    29 |   270 |   115 ||   422
       Tailslap          |    13 |    14 |     4 |       ||    31
       Headbutt          |    12 |     6 |       |       ||    18
       Kick              |    15 |    14 |       |       ||    29
       Punch             |     6 |     1 |       |       ||     7
 Cast: Beastly Appendage |    21 |    17 |       |       ||    38
       Wereblood         |     2 |     1 |       |       ||     3
       Spider Form       |     1 |     4 |    21 |       ||    26
       Ice Form          |       |       |    18 |    15 ||    33
Invok: Sacrifice Arcana  |       |       |     1 |       ||     1
       Reject Sacrifices |       |       |       |     1 ||     1
 Abil: Breathe Frost     |       |       |     2 |       ||     2
Evoke: Wand              |       |       |       |     1 ||     1
  Use: Scroll            |     3 |    13 |     6 |       ||    22
       Potion            |       |     1 |       |     2 ||     3
 Stab: Sleeping          |     1 |       |       |       ||     1
Armor: Skin              |    59 |    46 |    38 |    17 ||   160
Dodge: Dodged            |   134 |   108 |   195 |    84 ||   521
Block: Other             |       |       |     9 |    20 ||    29

Levels and vault maps discovered:
D:1:      nicolae_arrival_memento_mori, layout_basic
D:2:      minmay_inner_zag, layout_rooms, chequers_serial_rivers_marsh,
          uniq_crazy_yiuf_cottage, uniq_jessica
D:3:      minmay_recursive_quarters, layout_loops_ring
D:4:      layout_rooms, ebering_ghost_sewer_f, minmay_misc_feat_encased,
          kennysheep_small_spiral, st_stairs_3, minivault_4, uniq_menkaure,
          uniq_sigmund
D:5:      layout_cave_pods, temple_statues, uniq_duvessa, uniq_grinder,
          uniq_blork_the_orc
D:6:      layout_loops_ring, nicolae_vehumet_radiance,
          nemelex_xobeh_ov_fountains_minmay, cheibrodos_sewer_entry_bend
D:7:      layout_basic, minitemple, serial_rivers,
          chequers_serial_rivers_small_b, chequers_serial_rivers_micro_d,
          chequers_serial_rivers_micro_e, chequers_serial_rivers_micro_c,
          chequers_serial_rivers_small_b, chequers_serial_rivers_large_b,
          gammafunk_ghost_necromancy, kennysheep_generic_room_16
D:8:      layout_loops_corners, amcnicky_altar_gilded, minmay_lizard_king,
          uniq_psyche
D:9:      lemuel_ice_statue, layout_loops_cross, mainiacjoe_overflow_boulevard,
          mainiacjoe_overflow_cross_hatched, erik_lair_island
D:10:     layout_grid_maze, kennysheep_mini_moat, tgw_fedhas, elyvilon_altar_4,
          serial_shops, shop, shop, hangedman_abyss_or_decor_passed
Temple:   chequers_temple_sunken

Notes
Turn   | Place    | Note
-------+----------+-------------------------------------------
     0 | D:1      | kae the Draconian Transmuter began the quest for the Orb.
     0 | D:1      | Reached XP level 1. HP: 16/16 MP: 3/3
     0 | D:1      | magus.rc [v1.11.3]
   166 | D:1      | Reached XP level 2. HP: 20/23 MP: 5/5
   225 | D:1      | Learned a level 2 spell: Wereblood
   456 | D:1      | Reached XP level 3. HP: 26/29 MP: 4/6
   500 | D:1      | Learned a level 3 spell: Spider Form
  1216 | D:2      | Noticed Jessica
  1228 | D:2      | Reached XP level 4. HP: 36/36 MP: 2/7
  1229 | D:2      | Killed Jessica
  1230 | D:2      | Reached skill level 2 in Fighting
  1230 | D:2      | Reached skill level 1 in Poison Magic
  1596 | D:2      | Found a runed translucent door.
  1597 | D:2      | Noticed Crazy Yiuf
  1918 | D:3      | You pick up a book of Necromancy and begin reading...
  1918 | D:3      | You add the spells Necrotise, Vampiric Draining and Agony
                  | to your library.
  2546 | D:3      | Reached skill level 4 in Unarmed Combat
  2599 | D:3      | Identified a scroll of acquirement
  2599 | D:3      | Acquired 1296 gold pieces
  2956 | D:4      | Found a runed translucent door.
  2978 | D:4      | Noticed Lans's ghost (amateur GrEE)
  2992 | D:4      | Reached XP level 5. HP: 41/41 MP: 6/8
  3102 | D:4      | Reached skill level 3 in Transmutations
  3104 | D:4      | HP: 10/42 [worm (10)]
  3276 | D:4      | Reached skill level 2 in Poison Magic
  3394 | D:4      | You pick up a book of Spatial Translocations and begin
                  | reading...
  3394 | D:4      | You add the spells Blink, Momentum Strike and Lesser
                  | Beckoning to your library.
  3525 | D:4      | Found a runed translucent door.
  3553 | D:4      | Noticed Sigmund
  3565 | D:4      | Killed Sigmund
  3566 | D:4      | Reached skill level 3 in Spellcasting
  3566 | D:4      | Reached XP level 6. HP: 35/50 MP: 6/10
  3685 | D:4      | Noticed Menkaure
  3699 | D:4      | Killed Menkaure
  3700 | D:4      | Reached skill level 3 in Fighting
  3700 | D:4      | Reached skill level 5 in Unarmed Combat
  3700 | D:4      | Reached skill level 3 in Poison Magic
  3806 | D:5      | Entered Level 5 of the Dungeon
  3812 | D:5      | Learned a level 4 spell: Ice Form
  3819 | D:5      | Your scales start taking on an icy white colour.
  3819 | D:5      | Reached XP level 7. HP: 57/57 MP: 9/11
  3819 | D:5      | Gained mutation: Your flesh is cold resistant. (rC+) [White
                  | Draconian growth]
  3909 | D:5      | Reached skill level 1 in Ice Magic
  3987 | D:5      | Noticed Dowan
  3987 | D:5      | Noticed Duvessa
  4130 | D:5      | Noticed Blork the orc
  4144 | D:5      | Killed Blork the orc
  4196 | D:5      | Reached skill level 2 in Ice Magic
  4286 | D:5      | Reached skill level 4 in Transmutations
  4366 | D:5      | You pick up a book of Fire and begin reading...
  4366 | D:5      | You add the spells Foxfire, Fireball and Starburst to your
                  | library.
  4565 | D:5      | Noticed Grinder
  4572 | D:5      | Paralysed by Grinder for 3 turns
  4582 | D:5      | Killed Grinder
  4583 | D:5      | Reached skill level 6 in Unarmed Combat
  4583 | D:5      | Reached skill level 3 in Ice Magic
  4583 | D:5      | Reached XP level 8. HP: 56/66 MP: 10/13
  4618 | D:5      | Found a staircase to the Ecumenical Temple.
  4678 | Temple   | Entered the Ecumenical Temple
  4725 | Temple   | Became a worshipper of Ru the Awakened
  4758 | D:5      | Reached skill level 4 in Fighting
  5065 | D:6      | Reached skill level 4 in Ice Magic
  5080 | D:6      | Reached skill level 4 in Spellcasting
  5363 | D:6      | Found a glowing drain.
  5378 | Sewer    | Entered a sewer
  5509 | Sewer    | Noticed Pargi
  5515 | Sewer    | Killed Pargi
  5516 | Sewer    | Reached skill level 5 in Ice Magic
  5641 | D:6      | Found a sparkling altar of Nemelex Xobeh.
  5771 | D:6      | Reached skill level 7 in Unarmed Combat
  5971 | D:6      | Found a radiant altar of Vehumet.
  5984 | D:6      | Reached XP level 9. HP: 30/70 MP: 12/15
  6098 | D:6      | Identified a +0 robe of the Archmagi
  6118 | D:6      | Reached skill level 5 in Transmutations
  6574 | D:7      | Reached skill level 5 in Fighting
  6767 | D:7      | Gained mutation: You cannot study or cast Earth magic. [Ru
                  | sacrifice]
  6767 | D:7      | Gained mutation: You cannot study or cast Hexes magic. [Ru
                  | sacrifice]
  6767 | D:7      | Gained mutation: You cannot study or cast Necromancy magic.
                  | [Ru sacrifice]
  6767 | D:7      | Reached * piety under Ru
  6789 | D:7      | Reached skill level 6 in Ice Magic
  6862 | D:7      | HP: 22/88 [gnoll/+0 club[a gnoll sergeant] (6)]
  7166 | D:7      | Found a runed translucent gate.
  7166 | D:7      | Found a runed translucent gate.
  7167 | D:7      | Found a runed translucent gate.
  7197 | D:7      | Found a stormy altar of Qazlal.
  7198 | D:7      | Found an iron altar of Okawaru.
  7367 | D:7      | Noticed WhatIsLove's ghost (novice DjCj)
  7435 | D:8      | Reached skill level 5 in Spellcasting
  7889 | D:8      | Reached skill level 8 in Unarmed Combat
  7889 | D:8      | Reached skill level 6 in Transmutations
  8434 | D:8      | Noticed a komodo dragon
  8444 | D:8      | Killed a komodo dragon
  8525 | D:8      | Noticed Psyche
  8541 | D:8      | Killed Psyche
  8542 | D:8      | Reached skill level 6 in Fighting
  8542 | D:8      | Reached XP level 10. HP: 83/83 MP: 14/18
  8601 | D:8      | Found a shimmering altar of Xom.
  8723 | D:9      | Reached skill level 7 in Ice Magic
  8746 | D:9      | Found a burning altar of Makhleb.
  8823 | D:9      | Identified the +10 quarterstaff of the Gibberer {vorpal,
                  | Fly rPois Will- Stlth+}
  8877 | D:9      | Found a staircase to the Lair.
  8896 | D:9      | Reached skill level 7 in Transmutations
  9119 | D:9      | Noticed an ice statue
  9215 | D:9      | Reached skill level 9 in Unarmed Combat
  9455 | D:9      | Found a shadowy altar of Dithmenos.
 10190 | D:10     | Entered Level 10 of the Dungeon
 10202 | D:10     | Found Hud Kecithro's Assorted Antiques.
 10210 | D:10     | Bought a scroll of identify for 44 gold pieces
 10210 | D:10     | Bought a scroll of identify for 44 gold pieces
 10277 | D:10     | Reached skill level 6 in Spellcasting
 10353 | D:10     | HP: 24/100 [komodo dragon (28)]
 10356 | D:10     | Mangled by a komodo dragon

Vanquished Creatures
  Psyche (D:8)
  A komodo dragon (D:8)
  A troll (D:9)
  A hornet (D:9)
  Grinder (D:5)
  Sigmund (D:4)
  4 yaks (D:10)
  2 steam dragons
  Menkaure (D:4)
  An acid dragon (D:6)
  A water moccasin (D:8)
  Pargi (Sewer)
  A sky beast (D:6)
  3 ice beasts
  A black bear (D:6)
  3 orc warriors
  2 centaurs
  3 ogres
  6 wolves (D:9)
  A phantom (D:6)
  Blork the orc (D:5)
  5 bullfrogs
  2 kobold brigands
  A necrophage (D:8)
  A gnoll sergeant (D:7)
  11 wights
  4 electric eels (D:9)
  2 howler monkeys (D:8)
  6 hounds
  A jelly (D:5)
  A gnoll bouda (D:9)
  4 orc priests
  Jessica (D:2)
  5 iguanas
  2 orc wizards
  8 gnolls
  9 adders
  A shadow imp (D:5)
  An ufetubus (D:6)
  3 worms
  3 dart slugs
  12 orcs
  6 ball pythons
  7 bats
  12 endoplasms
  4 giant cockroaches
  15 goblins
  3 hobgoblins
  13 jackals
  2 quokkas
  9 frilled lizards
  17 kobolds
  6 rats
214 creatures vanquished.

Vanquished Creatures (collateral kills)
  An orc (D:8)
1 creature vanquished.

Vanquished Creatures (others)
  An electric eel (D:9)
1 creature vanquished.

Grand Total: 216 creatures vanquished

Table legend:
 A = Non-vault XP
 B = Vault XP
 C = Vault XP percentage of total XP
 D = Non-vault monster count
 E = Vault monster count
 F = Vault count percentage of total count
                 A         B        C        D         E       F
            +---------+---------+-------+---------+---------+-------
      Total |    6293 |    2979 |  32.1 |     172 |      43 |  20.0
            +---------+---------+-------+---------+---------+-------
        D:1 |      53 |       0 |   0.0 |      30 |       0 |   0.0
        D:2 |      36 |      45 |  55.6 |      15 |       6 |  28.6
        D:3 |      19 |      27 |  58.7 |       9 |       9 |  50.0
        D:4 |     118 |     422 |  78.1 |      19 |       4 |  17.4
        D:5 |     531 |     372 |  41.2 |      10 |       2 |  16.7
        D:6 |    1182 |       5 |   0.4 |      16 |       1 |   5.9
        D:7 |     897 |      85 |   8.7 |      17 |       1 |   5.6
        D:8 |    1111 |     852 |  43.4 |      19 |       9 |  32.1
        D:9 |    1529 |    1031 |  40.3 |      33 |       8 |  19.5
       D:10 |     817 |       0 |   0.0 |       4 |       0 |   0.0
      Sewer |       0 |     140 | 100.0 |       0 |       3 | 100.0
            +---------+---------+-------+---------+---------+-------

Illustrated notes

Table legend:
 A = Kills in this place as a percentage of kills in entire the game.
 B = Kills by you in this place as a percentage of kills by you in the entire game.
 C = Kills by friends in this place as a percentage of kills by friends in the entire game.
 D = Other kills in this place as a percentage of other kills in the entire game.
 E = Experience gained in this place as a percentage of experience gained in the entire game.
 F = Experience gained in this place divided by the number of levels of this place that you have seen.
                   A       B       C       D       E      F
               +-------+-------+-------+-------+-------+----------------------
         Total | 100.0 | 100.0 | 100.0 |   N/A | 100.0 | 772.7
       Dungeon |  98.6 |  98.6 | 100.0 |   N/A |  98.5 | 913.2
         Sewer |   1.4 |   1.4 |   0.0 |   N/A |   1.5 | 140.0
               +-------+-------+-------+-------+-------+----------------------

Table legend: (Time is in decaauts)
 A = Elapsed time spent in this place.
 B = Non-inter-level travel time spent in this place.
 C = Inter-level travel time spent in this place.
 D = Time resting spent in this place.
 E = Time spent auto-exploring this place.
 F = Levels seen in this place.
 G = Mean time per level.
                   A        B        C        D        E       F      G
               +--------+--------+--------+--------+--------+-----+--------+
         Total |  10385 |  10055 |    330 |    487 |   7749 |  12 |  865.4 |
       Dungeon |  10042 |   9721 |    321 |    487 |   7516 |  10 | 1004.2 |
        Temple |     73 |     64 |      9 |      0 |     13 |   1 |   73.0 |
         Sewer |    269 |    269 |      0 |      0 |    219 |   1 |  269.0 |
               +--------+--------+--------+--------+--------+-----+--------+

Top non-repeatable levels by time:
     D:9: 1461 daAuts
     D:8: 1310 daAuts
     D:6: 1117 daAuts
     D:3: 1100 daAuts
     D:5: 1066 daAuts
     D:2: 1008 daAuts
     D:7: 996 daAuts
     D:4: 993 daAuts
     D:1: 823 daAuts
   Sewer: 269 daAuts
    D:10: 164 daAuts
  Temple: 73 daAuts
